 Dungeon Crawl Stone Soup version 0.18.1-5-g4a78601 (webtiles) character file.

84 Dynast the Skirmisher (level 4, -1/50 HPs)
             Began as an Ogre Hunter on May 12, 2016.
             Slain by an adder (5 damage)
             ... on level 2 of the Dungeon on May 13, 2016.
             The game lasted 00:03:43 (1861 turns).

Dynast the Skirmisher (Ogre Hunter)                 Turns: 1861, Time: 00:03:44

Health: -1/50      AC:  3    Str: 17    XL:     4   Next: 45%
Magic:  4/4        EV: 10    Int: 16    God:
Gold:   73         SH:  0    Dex: 12    Spells: 0 memorised, 3 levels left

rFire  . . .     SeeInvis .     i - +0 club
rCold  . . .     Gourm    .     b - +0 robe
rNeg   . . .     Faith    .     (no shield)
rPois  .         Spirit   .     (helmet restricted)
rElec  .         Dismiss  .     (no cloak)
rCorr  .         Reflect  .     (gloves unavailable)
SustAt .         Harm     .     (boots unavailable)
MR     .....                    n - amulet of magic regeneration
Stlth  +.........               (no ring)
                                (no ring)

@: brilliant, lethally poisoned (-1 -> -2), very slightly contaminated,
invisible, not resistant to hostile enchantments, very unstealthy
A: unfitting armour, agile 1, high mp 1, tough skin 1
a: no special abilities


You were on level 2 of the Dungeon.
You were not hungry.

You visited 1 branch of the dungeon, and saw 2 of its levels.

You collected 73 gold pieces.

Inventory:

Hand Weapons
 i - a +0 club (weapon)
Missiles
 c - 5 large rocks
 d - 2 throwing nets
 g - 5 tomahawks (quivered)
Armour
 b - a +0 robe (worn)
Jewellery
 n - an amulet of magic regeneration (around neck)
Scrolls
 j - a scroll of blinking
 l - a scroll of enchant weapon {unknown}
 o - 2 scrolls of remove curse {unknown}
 q - a scroll of immolation {unknown}
 r - a scroll of recharging {unknown}
 s - a scroll of teleportation {unknown}
 t - a scroll of fog {unknown}
Potions
 e - a potion of invisibility
 h - a potion of flight {unknown}
 k - a potion of curing {unknown}
 m - a potion of brilliance
 p - a potion of berserk rage {unknown}
Comestibles
 f - a bread ration


   Skills:
 - Level 5.2 Fighting
 + Level 2.6 Maces & Flails
 - Level 4.0 Throwing
 - Level 1.7 Dodging
 - Level 0.7 Stealth


You had 3 spell levels left.
You didn't know any spells.

Dungeon Overview and Level Annotations

Branches:
Dungeon (2/15)

Altars:


Innate Abilities, Weirdness & Mutations

You are too large for most types of armour.
You have tough skin (AC +1).
You are agile. (Dex +2)
You have an increased reservoir of magic (+10% MP).


Message History

The adder is heavily wounded.
The adder closely misses you. The adder barely misses you.
Unknown command.
Unknown command.
You hit the adder.
The adder is severely wounded.
The adder bites you.
* * * LOW HITPOINT WARNING * * *
Unknown command.
Drink which item? (? for menu, Esc to quit)
It was a potion of brilliance.
You feel clever all of a sudden.
You feel sick. The adder bites you.
* * * LOW HITPOINT WARNING * * *
The adder barely misses you.
Drink which item? (? for menu, Esc to quit)
It was a potion of mutation.
You feel extremely strange.
You feel agile.
You feel more energetic. The adder bites you.
You die...

#...# #...#
....+
#...######
### #
#.........
..#####.#
#.########
###.....#.###
#.#
............
#.#
#..........
#.#
#.@........
#.#
#..S(.....(
#.#
#.(........
#.###
#..........
....#
###..........
#†..#
#.†..........
#...+
#.##.........
#...#
#.###########
#...# #.#


You could see an adder.

Vanquished Creatures
  3 adders (D:2)
  An ooze (D:1)
  3 worms (D:2)
  A dart slug (D:1)
  A giant gecko (D:1)
  2 ball pythons (D:1)
  A giant cockroach (D:2)
  7 goblins
  A hobgoblin (D:2)
  2 jackals (D:1)
  8 kobolds
  8 bats
  4 giant newts
  3 rats
45 creatures vanquished.

Notes
Turn   | Place    | Note
--------------------------------------------------------------
     0 | D:1      | Dynast the Ogre Hunter began the quest for the Orb.
     0 | D:1      | Reached XP level 1. HP: 22/22 MP: 1/1
    14 | D:1      | Reached skill level 3 in Fighting
    95 | D:1      | Reached XP level 2. HP: 29/32 MP: 2/2
   363 | D:1      | Reached skill level 4 in Fighting
   803 | D:1      | Reached XP level 3. HP: 37/40 MP: 3/3
  1285 | D:2      | Reached skill level 5 in Fighting
  1361 | D:2      | Reached skill level 1 in Maces & Flails
  1387 | D:2      | Reached XP level 4. HP: 44/50 MP: 4/4
  1861 | D:2      | Gained mutation: You are agile. (Dex +2) [potion of mutation]
  1861 | D:2      | Gained mutation: You have an increased reservoir of magic (+10% MP). [potion of mutation]
  1861 | D:2      | Slain by an adder

Skill      XL: |  1  2  3  4 |
---------------+-------------+-----
Fighting       | 3 4 5 |  5.2
Maces & Flails | 1 2 |  2.6
Throwing       | |  4.0
Dodging        | |  1.7
Stealth        | |  0.7

Action                   |  1- 3 |  4- 6 || total
-------------------------+-------+-------++-------
Melee: Short sword       |   132 |    12 ||   144
       Club              |       |    30 ||    30
Throw: Large rock        |     2 |       ||     2
       Tomahawk          |       |    14 ||    14
  Use: Scroll            |     1 |       ||     1
       Potion            |       |     3 ||     3
 Stab: Distracted        |     2 |       ||     2
       Sleeping          |     2 |       ||     2
  Eat: Chunk             |     2 |     1 ||     3
Armor: Robe              |    44 |    10 ||    54
Dodge: Dodged            |    93 |    36 ||   129
